Map: Void Training Stage 3

Players

Michael - Winner!

  • Race: Zerg Zerg
  • League: Gold
  • Spawn Location: 12:00

Player 2

  • Race: Zerg Zerg
  • Spawn Location: 6:00

VOD

Have the link to the VOD?

Description

Time

  • Played on: Oct. 7, 2018, 12:05 a.m.
  • Length: 10:27
Show
View Real Time Build Order
Export as new Build Order

Michael Zerg - Winner!

Build Orders: Pool First 

Get SALT Encoding   

  12  0:01  Drone  
  13  0:13  Overlord  
  13  0:18  Drone  
  14  0:31  Drone x2  
  14  0:35  Drone  
  17  0:39  Extractor  
  16  0:45  Drone  
  17  0:54  Spawning Pool  
  17  0:56  Drone  
  17  1:07  Drone  
  18  1:25  Hatchery  
  17  1:28  Drone  
  18  1:41  Queen  
  18  1:47  Metabolic Boost  
  20  1:50  Zergling x2  
  20  1:54  Zergling x2  
  22  2:00  Overlord  
  22  2:18  Drone x2, Roach Warren  
  23  2:29  Queen  
  25  2:34  Zergling x2  
  26  2:37  Zergling x2  
  27  2:50  Drone  
  27  2:51  Drone x3  
  29  2:53  Drone  
  30  3:06  Drone  
  30  3:07  Drone  
  30  3:08  Spine Crawler  
  31  3:12  Overlord  
  31  3:21  Queen  
  31  3:26  Overlord  
  33  3:34  Extractor  
  32  3:36  Lair  
  32  3:40  Drone  
  33  3:41  Drone  
  33  3:43  Drone  
  33  3:46  Drone  
  36  3:49  Drone  
  36  3:52  Drone  
  36  3:54  Drone  
  39  3:57  Drone  
  40  4:05  Drone x2  
  40  4:06  Evolution Chamber  
  40  4:08  Drone  
  42  4:11  Drone  
  42  4:12  Drone  
  42  4:14  Drone  
  42  4:16  Drone  
  46  4:20  Overlord  
  46  4:32  Queen  
  46  4:35  Glial Reconstitution  
  48  4:41  Overlord, Hydralisk Den  
  48  4:43  Spore Crawler  
  48  4:44  Drone x2  
  48  4:45  Drone  
  49  4:46  Drone  
  49  4:51  Spore Crawler  
  49  4:55  Spine Crawler  
  49  4:57  Extractor  
  49  4:58  Extractor  
  49  4:59  Drone x2  
  48  5:01  Drone  
  48  5:03  Drone  
  48  5:05  Drone  
  51  5:07  Drone  
  52  5:25  Hatchery  
  52  5:27  Muscular Augments  
  52  5:28  Zerg Ground Armor Level 1  
  51  5:34  Evolution Chamber  
  50  5:38  Infestation Pit  
  49  5:48  Overlord x2  
  49  5:55  Roach  
  49  5:56  Roach x3  
  49  5:57  Roach  
  59  6:00  Roach  
  61  6:04  Zerg Missile Weapons Level 1  
  61  6:18  Roach x4  
  69  6:19  Roach  
  69  6:21  Zergling x2  
  72  6:30  Hive  
  72  6:34  Drone  
  72  6:36  Drone  
  72  6:38  Drone, Grooved Spines  
  75  6:40  Drone  
  75  6:42  Drone  
  77  6:53  Drone x5  
  83  6:54  Drone  
  82  7:02  Hydralisk x2  
  84  7:10  Drone x4  
  84  7:11  Drone  
  84  7:13  Overlord  
  87  7:17  Overlord  
  87  7:31  Burrow  
  87  7:32  Queen  
  87  7:34  Zerg Ground Armor Level 2  
  89  7:38  Overlord  
  89  7:40  Hydralisk x3  
  89  7:43  Hydralisk  
  97  8:09  Hydralisk x8  
  97  8:12  Overlord x3  
  113  8:14  Overlord  
  113  8:17  Drone  
  114  8:20  Extractor, Drone  
  114  8:24  Extractor  
  113  8:34  Roach x3  
  113  8:35  Roach x6  
  113  8:37  Roach  
  133  8:44  Hydralisk x3  
  139  8:49  Overlord x2  
  139  8:52  Overlord  
  139  9:11  Hydralisk x4  
  139  9:12  Hatchery  
  146  9:19  Hydralisk x4  
  154  9:26  Hydralisk x2  
  154  9:27  Hydralisk  
  154  9:29  Zergling x2  
  161  9:45  Overlord  
  161  9:46  Overlord x2  
  161  9:50  Unknown  
  161  9:52  Drone x3  
  162  9:53  Drone x3  
  165  10:00  Drone x5  
  165  10:01  Hatchery, Drone  
Show
View Real Time Build Order
Export as new Build Order

Player 2 Zerg 

Build Orders: Pool First 

Get SALT Encoding   

  12  0:00  Drone  
  13  0:13  Overlord  
  13  0:18  Drone  
  14  0:31  Drone  
  14  0:34  Drone  
  16  0:44  Spawning Pool  
  16  0:45  Drone  
  16  0:50  Drone  
  16  0:52  Extractor  
  16  0:56  Drone  
  17  1:06  Overlord  
  17  1:31  Zergling x2  
  17  1:32  Queen  
  20  1:39  Drone, Roach Warren  
  20  1:40  Extractor  
  20  1:46  Zergling x2  
  20  1:49  Drone  
  21  2:00  Drone  
  22  2:16  Overlord  
  22  2:22  Roach  
  24  2:37  Roach  
  26  2:38  Overlord  
  25  2:52  Roach  
  27  3:06  Zergling x2  
  27  3:07  Drone  
  27  3:12  Drone  
  30  3:19  Overlord  
  30  3:22  Roach  
  30  3:24  Drone  
  33  3:29  Drone  
  34  3:38  Roach  
  36  3:42  Baneling Nest, Drone  
  36  3:45  Drone  
  38  3:48  Drone  
  38  3:53  Roach  
  38  3:54  Evolution Chamber  
  39  4:01  Drone  
  40  4:12  Roach  
  42  4:27  Roach  
  44  6:27  Baneling, Overlord, Lair  
  44  6:28  Drone  
  44  6:29  Spore Crawler  
  44  6:30  Spore Crawler, Drone  
  44  6:32  Evolution Chamber  
  43  6:33  Drone  
  43  6:35  Hatchery  
  43  6:36  Drone  
  43  6:38  Zergling x2  
  43  6:39  Drone  
  46  6:46  Overlord  
  46  6:49  Zergling x2  
  47  6:54  Spine Crawler  
  47  6:56  Spine Crawler  
  47  6:57  Drone  
  47  7:00  Baneling, Drone  
  47  7:05  Zergling x2  
  36  7:16  Zergling x2  
  30  7:24  Queen  
  30  7:25  Overseer x2  
  30  7:26  Zergling x2  
  30  7:27  Hydralisk Den  
  32  7:30  Infestation Pit  
  32  7:31  Spire  
  32  7:32  Drone  
  31  7:47  Queen  
  31  7:48  Drone  
  31  7:50  Spore Crawler, Drone  
  34  7:52  Spore Crawler  
  34  7:53  Spore Crawler, Drone  
  33  8:01  Drone  
  35  8:05  Drone  
  35  8:10  Drone  
  36  8:13  Drone  
  36  8:15  Drone  
  36  8:18  Drone  
  39  8:21  Drone  
  39  8:24  Drone  
  41  8:27  Drone  
  41  8:30  Drone  
  41  8:33  Drone  
  44  8:36  Drone  
  44  8:38  Drone  
  46  8:41  Drone  
  46  8:42  Mutalisk  
  46  8:44  Drone  
  46  8:47  Drone  
  51  8:53  Mutalisk  
  51  8:54  Drone  
  51  8:55  Spine Crawler  
  53  8:57  Drone  
  53  9:00  Drone  
  55  9:03  Drone  
  55  9:04  Mutalisk  
  55  9:06  Drone  
  55  9:08  Spine Crawler  
  55  9:09  Drone  
  55  9:11  Overlord  
  55  9:14  Overseer  
  55  9:15  Mutalisk  
  57  9:20  Spine Crawler  
  57  9:21  Drone  
  57  9:24  Hydralisk  
  49  9:31  Hydralisk  
  34  9:42  Mutalisk  
  28  9:49  Hydralisk  
  31  9:57  Zergling x2  
Tags
 
Add a new tag
Caveats
  • Supply blocks, unpowered buildings, or Contaminate may cause inaccurate times.
  • Supply counts are checked every 10 seconds.